Construct Section Command Post
Selects Indian Artillery Battlegroup
Construct Platoon Command Post
Selects Towed ML 4.2-inch Heavy Mortar
Construct Field Infirmary
Towed ML 4.2-inch Heavy Mortar
Construct Field Infirmary
6-pounder Anti-tank Gun Team
Construct Company Command Post
Construct Company Command Post
Selects Off-map Airburst Barrage
Selects BL5.5 Artillery Emplacement
Selects Gurkha Rifles Section
Selects Volunteer Infantry